 Dungeon Crawl Stone Soup version 0.18.1-1-g2f07953 (webtiles) character file.

24 varam the Insei (level 2, 13/21 HPs)
             Began as a Demonspawn Transmuter on May 6, 2016.
             Quit the game on level 1 of the Dungeon.
             The game lasted 00:02:08 (563 turns).

varam the Insei (Demonspawn Transmuter)              Turns: 563, Time: 00:02:09

Health: 13/21      AC:  2    Str: 10    XL:     2   Next: 79%
Magic:  4/5        EV: 12    Int: 14    God:
Gold:   3          SH:  0    Dex: 13    Spells: 1 memorised, 4 levels left

rFire  . . .     SeeInvis .       - Unarmed
rCold  + . .     Gourm    .     b - +0 robe
rNeg   . . .     Faith    .     (no shield)
rPois  .         Spirit   .     (helmet restricted)
rElec  .         Dismiss  .     (no cloak)
rCorr  .         Reflect  .     (no gloves)
SustAt .         Harm     .     (boots currently unavailable)
MR     .....                    (no amulet)
Stlth  +.........               (no ring)
                                h - ring of protection from cold

@: appendage (expiring), not resistant to hostile enchantments, very unstealthy
A: antennae 1, talons 3
a: End Transformation


You were on level 1 of the Dungeon.
You were not hungry.
You had grown temporary talons.
You visited 1 branch of the dungeon, and saw 1 of its levels.

You collected 3 gold pieces.

Inventory:

Missiles
 a - 12 arrows
Armour
 b - a +0 robe (worn)
Jewellery
 h - a ring of protection from cold (left hand)
Scrolls
 e - 2 scrolls of remove curse {unknown}
 i - a scroll of magic mapping {unknown}
 j - a scroll of teleportation {unknown}
Potions
 g - a potion of brilliance {unknown}
Books
 c - a book of Changes

   Spells                             Type                      Level
   a - Beastly Appendage              Transmutation                1
   b - Sticks to Snakes               Transmutation                2
   c - Spider Form                    Transmutation/Poison         3
   d - Ice Form                       Ice/Transmutation            4
   e - Blade Hands                    Transmutation                5
Comestibles
 d - a bread ration
 f - 2 chunks of flesh


   Skills:
 + Level 1.6 Fighting
 - Level 1.7 Dodging
 + Level 3.1 Unarmed Combat
 - Level 2.2 Spellcasting
 - Level 2.0 Transmutations


You had 4 spell levels left.
You knew the following spells:

 Your Spells              Type           Power        Failure   Level  Hunger
a - Beastly Appendage     Trmt           #.....       12%         1    #......


Dungeon Overview and Level Annotations

Branches:
Dungeon (1/15)

Altars:


Innate Abilities, Weirdness & Mutations

You have a pair of small antennae on your head.
You have claws for feet.


Message History

Your feet morph into talons.
The bat closely misses you. The bat misses you.
The bat hits you but does no damage.
You hit the hobgoblin.
The hobgoblin is lightly wounded.
The hobgoblin hits you with a club.
You completely miss the hobgoblin.
The hobgoblin is lightly wounded.
The hobgoblin closely misses you.
You hit the hobgoblin. You claw the hobgoblin.
The hobgoblin is almost dead.
Your transformation is almost over.
The hobgoblin completely misses you.
You barely miss the hobgoblin.
You claw the hobgoblin, but do no damage.
The hobgoblin is almost dead.
You hit the hobgoblin.
You kill the hobgoblin!
The bat closely misses you.
Are you sure you want to abandon this character and quit the game? (Confirm with "yes".)

.... #####
....##... #.....#
#.>.%.# #.....#
#.....###########
##.........g...b.#
...).........>##)#
####.#.#########@#
#.#.# #.# #.#.#
#.# #.#.# #.#
#.#.# #.# #+#.#
#.# ..# #.# ..#
#.# #.#


You could see a bat.

Vanquished Creatures
  An ooze (D:1)
  2 dart slugs (D:1)
  A giant gecko (D:1)
  A bat (D:1)
  A giant cockroach (D:1)
  A goblin (D:1)
  3 hobgoblins (D:1)
  2 kobolds (D:1)
  2 rats (D:1)
14 creatures vanquished.

Notes
Turn   | Place    | Note
--------------------------------------------------------------
     0 | D:1      | varam the Demonspawn Transmuter began the quest for the Orb.
     0 | D:1      | Reached XP level 1. HP: 15/15 MP: 3/3
    31 | D:1      | Lost mutation: You have a pair of horns on your head. [demonic ancestry]
    31 | D:1      | Lost mutation: You have a pair of small horns on your head. [demonic ancestry]
    31 | D:1      | Gained mutation: You have a pair of small antennae on your head. [demonic ancestry]
    31 | D:1      | Reached XP level 2. HP: 21/21 MP: 3/5
    43 | D:1      | Reached skill level 3 in Unarmed Combat
   563 | D:1      | Quit the game

Skill      XL: |  1  2 |
---------------+-------+-----
Transmutations | 2 |  2.0
Unarmed Combat | 3 |  3.1
Fighting       | |  1.6
Dodging        | |  1.7
Spellcasting   | |  2.2

Action                   || total
-------------------------++-------
Melee: Unarmed           ||    47
       Headbutt          ||     2
       Kick              ||    11
 Cast: Beastly Appendage ||    11
Armor: Robe              ||     8
Dodge: Dodged            ||    37
